 Dungeon Crawl Stone Soup version bcrawl-1.13.1 (webtiles) character file.

Game seed: 13992945313970391007

263 Revguard the Ducker (level 5, -7/38 HPs)
             Began as a Demonspawn Archaeologist on Aug 5, 2019.
             Was an Initiate of Okawaru.
             Killed from afar by a white imp (8 damage)
             ... with a puff of frost
             ... summoned by Eustachio
             ... on level 4 of the Dungeon.
             The game lasted 00:07:57 (3766 turns).

Revguard the Ducker (Demonspawn Archaeologist)      Turns: 3766, Time: 00:07:58

Health: -7/38      AC:  8    Str: 12 (13) XL:     5   Next: 97%
Magic:  5/5        EV: 11    Int: 13 (15) God:    Okawaru [......]
Gold:   72         SH:  0    Dex: 10 (13) Spells: 4/4 levels left

rFire    + . .     SeeInvis +   h - +0 mace
rCold    . . .     Gourm    .   (no shield)
rNeg     . . .     Faith    .   n - +0 ring mail
rPois    .         Spirit   .   c - +1 hat
rElec    .         Reflect  .   (no cloak)
rCorr    .         Harm     .   (no gloves)
MR       .....     Rnd*Tele +   d - +1 pair of boots
Stlth    ++........             (no amulet)
HPRegen  0.12/turn              m - ring of teleportation (curse)
MPRegen  0.09/turn              p - ring of see invisible

@: studying Maces & Flails
A: fangs 1, talons 1, thin skeletal structure 1, fire resistance 1
a: Renounce Religion


You were on level 4 of the Dungeon.
You worshipped Okawaru.
Okawaru was noncommittal.
You were not hungry.

You visited 1 branch of the dungeon, and saw 4 of its levels.

You collected 72 gold pieces.

Inventory:

Hand Weapons
 a - a +0 whip
 h - a +0 mace (weapon)
 i - a +1 hand axe
Armour
 b - a +1 robe
 c - a +1 hat (worn)
 d - a +1 pair of boots (worn)
 n - a +0 ring mail (worn)
Jewellery
 m - a cursed ring of teleportation (left hand)
 p - a ring of see invisible (right hand)
Wands
 l - a wand of flame (15)
Scrolls
 k - a scroll of enchant weapon
Books
 e - a manual of Maces & Flails
Miscellaneous
 f - an ancient crate
Comestibles
 g - 3 rations {!d}


   Skills:
 * Level 2.1 Fighting
 - Level 2.4(2.8) Axes
 * Level 1.7(2.4) Maces & Flails
 * Level 2.6 Armour
 + Level 3.8 Dodging
 - Level 3.0 Stealth
 * Level 1.1 Invocations


You had 4 spell levels left.
You didn't know any spells.
Your spell library was empty.

Dungeon Overview and Level Annotations

Branches:
Dungeon (4/12)
 Temple: D:4-7

Altars:
Dithmenos
Elyvilon
Gozag
Okawaru
Yredelemnul
The Shining One

Annotations:
D:4 Eustachio


Innate Abilities, Weirdness & Mutations

You have a somewhat thin skeletal structure. (Dex +2, Stealth)
Your flesh is heat resistant. (rF+)
You have very sharp teeth.
You have sharp toenails.


Message History

The white imp barely misses you.
You closely miss Eustachio. Your bite misses Eustachio.
Eustachio is moderately wounded.
Eustachio casts a spell.
Eustachio blinks!
The white imp hits you.
* * * LOW HITPOINT WARNING * * *
The white imp freezes you.
* * * LOW HITPOINT WARNING * * *
Okay, then.
Evoke which item? (* to show all) (? for menu, Esc to quit)
Aiming: Throw Flame
Press: ? - help, Shift-Dir - straight line, f - white imp
Aim: a white imp (summoned)
The puff of flame hits the white imp.
The white imp is burned terribly!
The white imp is heavily wounded.
Eustachio casts a spell.
Eustachio blinks!
The white imp gestures at you. The puff of frost hits you!
You die...

#........# #........#
#........# #......<.#
#........# #........#
#........#
############..#######
........5@5.r.....#
############r..ยง#..#
...#..... .#.#####..
....# . .. .Z. @..
... ... ....


You could see 2 white imps and 2 quokkas.

Vanquished Creatures
  An ogre (D:3)
  An iguana (D:3)
  An orc wizard (D:3)
  A worker ant (D:3)
  4 adders (D:3)
  An ooze (D:2)
  A worm (D:3)
  A dart slug (D:1)
  3 leopard geckos (D:2)
  5 orcs (D:3)
  A ball python (D:1)
  4 goblins
  8 hobgoblins
  10 jackals
  2 quokkas (D:3)
  3 bats
  2 frilled lizards
  6 kobolds
55 creatures vanquished.

Notes
Turn   | Place    | Note
-------+----------+-------------------------------------------
     0 | D:1      | Revguard the Demonspawn Archaeologist began the quest for
                  | the Orb.
     0 | D:1      | Reached XP level 1. HP: 15/15 MP: 1/1
    76 | D:1      | Gained mutation: Your flesh is heat resistant. (rF+)
                  | [demonic ancestry]
    76 | D:1      | Reached XP level 2. HP: 4/21 MP: 2/2
    83 | D:1      | HP: 1/21 [jackal (1)]
   475 | D:1      | Reached skill level 1 in Maces & Flails
   493 | D:1      | Reached skill level 1 in Armour
  1038 | D:2      | Reached XP level 3. HP: 25/26 MP: 3/3
  1125 | D:2      | Found a glowing golden altar of the Shining One.
  1126 | D:2      | Found a shadowy altar of Dithmenos.
  1128 | D:2      | Found an opulent altar of Gozag.
  1411 | D:2      | Found a white marble altar of Elyvilon.
  1701 | D:2      | Found a basalt altar of Yredelemnul.
  1854 | D:3      | Found an iron altar of Okawaru.
  1874 | D:3      | Reached skill level 1 in Axes
  1874 | D:3      | Gained mutation: You have a somewhat thin skeletal
                  | structure. (Dex +2, Stealth) [demonic ancestry]
  1874 | D:3      | Reached XP level 4. HP: 12/32 MP: 4/4
  1876 | D:3      | Became a worshipper of Warmaster Okawaru
  2307 | D:3      | Noticed an ogre
  2313 | D:3      | Gained mutation: You are dopey. (Int -2) [potion of
                  | mutation]
  2313 | D:3      | Gained mutation: You are robust. (+10% HP) [potion of
                  | mutation]
  3115 | D:3      | Reached XP level 5. HP: 37/41 MP: 5/5
  3121 | D:3      | Lost mutation: You are dopey. (Int -2) [potion of mutation]
  3121 | D:3      | Lost mutation: You are robust. (+10% HP) [potion of
                  | mutation]
  3121 | D:3      | Gained mutation: You have sharp toenails. [potion of
                  | mutation]
  3121 | D:3      | Gained mutation: You have very sharp teeth. [potion of
                  | mutation]
  3610 | D:3      | Killed an ogre
  3610 | D:3      | Reached skill level 1 in Invocations
  3732 | D:4      | Noticed Eustachio
  3765 | D:4      | HP: 1/38 [white imp[Eustachio] (3)]
  3766 | D:4      | Killed from afar by a white imp

Skill      XL: |  1  2  3  4  5 |
---------------+----------------+-----
Dodging        | 3 |  3.8
Maces & Flails | 1 |  1.7
Armour         | 1 2 |  2.6
Axes           | 1 2 |  2.4
Fighting       | 2 |  2.1
Invocations    | 1 |  1.1
Stealth        | |  3.0

Action                   |  1- 3 |  4- 6 || total
-------------------------+-------+-------++-------
Melee: Whip              |    45 |       ||    45
       Hand axe          |   112 |    95 ||   207
       Mace              |       |    35 ||    35
       Bite              |       |     4 ||     4
Evoke: Wand              |       |     6 ||     6
  Use: Scroll            |     4 |     2 ||     6
       Potion            |       |     7 ||     7
 Stab: Sleeping          |     4 |     8 ||    12
  Eat: Chunk             |     2 |     7 ||     9
Armor: Robe              |    55 |       ||    55
       Ring mail         |    15 |    67 ||    82
       Skin              |       |     2 ||     2
Dodge: Dodged            |   198 |    88 ||   286
